cohdb
Replays
Latest Replays
All Replays
Popular Replays
Top Player Replays
Match Explorer
How It Works
Community
CoH3 Stats
Reddit
Sign in to upload your games and track your stats! →
Sign in with Steam
Match 45202057
Unlisted
Match 45202057
Overview
Messages
Build Orders
End
Construct Infanterie Kompanie
Selects Breakthrough Battlegroup
Selects Assault Grenadiers
Grenadier Squad
Grenadier Squad
Construct Panzergrenadier Kompanie
Panzergrenadier Squad
Panzergrenadier Squad
Panzergrenadier Officer Quarters
Medical Station
Panzergrenadier Squad
Panzergrenadier Squad
Pak 40 Anti-tank Gun Team
Pak 40 Anti-tank Gun Team
Selects Rapid Production
Selects Blitzkrieg
Panzergrenadier Squad
Panzergrenadier Squad
Selects Tiger Heavy Tank
Selects Smoke Bombing Run
Tiger Heavy Tank
Selects Incendiary Bombing Run
Panzergrenadier Squad
Pioneer Squad
Incendiary Bombing Run
Smoke Bombing Run
Pak 40 Anti-tank Gun Team
Pioneer Squad
Pak 40 Anti-tank Gun Team
Smoke Bombing Run
Incendiary Bombing Run
Seocheon
콯종원
ZELOT
USA USA USA
0
0
Comments
sign in to comment!
No comments posted yet!